 Dungeon Crawl Stone Soup version 0.29.1-15-g9cfb28693d (webtiles) character file.

Game seed: 78152712406308551

52 ThatPearl the Chiller (level 3, -6/29 HPs)
             Began as a Draconian Ice Elementalist on Feb 24, 2023.
             Mangled by a gnoll
             ... wielding a +0 flail
              (10 damage)
             ... on level 2 of the Dungeon.
             The game lasted 00:03:38 (1766 turns).

ThatPearl the Chiller (Draconian Ice Elementalist)  Turns: 1766, Time: 00:03:39

Health: -6/29      AC:  6    Str: 10    XL:     3   Next: 60%
Magic:  2/6        EV: 11    Int: 17    God:
Gold:   127        SH:  3    Dex: 11    Spells: 6/7 levels left

rFire   + . .      SeeInvis .   r - +0 short sword
rCold   . . .      Faith    .   m - +0 buckler
rNeg    + . .      Spirit   .   (body armour unavailable)
rPois   .          Reflect  .   (helmet restricted)
rElec   .          Harm     .   k - +0 cloak
rCorr   .          Rampage  .   (no gloves)
Will    .....                   (no boots)
Stlth   ++........              (no amulet)
HPRegen 0.09/turn               p - ring of protection from fire
MPRegen 0.10/turn               l - ring of positive energy

@: no status effects
A: AC +5, unfitting armour, cold-blooded
a: no special abilities


You were on level 2 of the Dungeon.
You visited 1 branch of the dungeon, and saw 2 of its levels.

You collected 127 gold pieces.

Inventory:

Hand Weapons
 r - a +0 short sword (weapon)
Missiles
 b - 10 stones
Armour
 k - a +0 cloak (worn)
 m - a +0 buckler (worn)
Jewellery
 l - a ring of positive energy (right hand)
 p - a ring of protection from fire (left hand)
Scrolls
 g - a scroll of vulnerability {unknown}
 h - a scroll of blinking {unknown}
 i - 2 scrolls of fear {unknown}
 j - 2 scrolls of identify {unknown}
 q - a scroll of amnesia {unknown}
 s - a scroll of fog {unknown}
Potions
 a - a potion of magic
 c - a potion of attraction {unknown}
 d - a potion of ambrosia {unknown}
 e - 2 potions of curing {unknown}
 f - a potion of flight {unknown}
 n - a potion of degeneration {unknown}
 o - 2 potions of brilliance {unknown}


   Skills:
 + Level 1.7 Fighting
 - Level 1.7 Dodging
 - Level 1.7 Stealth
 + Level 1.1 Shields
 + Level 2.5 Spellcasting
 + Level 4.4 Ice Magic


You had 6 spell levels left.
You knew the following spells:

 Your Spells              Type           Power      Damage    Failure   Level
a - Freeze                Ice            68%        1d8       4%          1

Your spell library contained the following spells:

 Spells                   Type           Power      Damage    Failure   Level
 Frozen Ramparts          Ice            34%        1d6       12%         3
 Ozocubu's Armour         Ice            17%        N/A       12%         3
 Conjure Flame            Conj/Fire      2%         6-21      58%         3
 Ignite Poison            Fire/Tmut/Pois 2%         N/A       58%         3
 Hailstorm                Conj/Ice       9%         3d4       67%         4
 Sticky Flame             Conj/Fire      2%         2d3       94%         4


Dungeon Overview and Level Annotations

Branches:
Dungeon (2/15)

Altars:


Innate Abilities, Weirdness & Mutations

Your plain brown scales are hard. (AC +5)
You cannot fit into any form of body armour.
You are cold-blooded and may be slowed by cold attacks.


Message History

The gnoll is severely wounded.
The gnoll barely misses you.
Aiming: Freeze (safe; 4% risk of failure)
Press: ? - help, Q - select action, (/) - cycle Shift-Dir - straight line, f/p - gnoll
Aim: a gnoll, wielding a +0 whip (severely wounded)
You freeze the gnoll.
The gnoll is almost dead.
The gnoll hits you with a +0 whip.
Aiming: Freeze (safe; 4% risk of failure)
Press: ? - help, Q - select action, (/) - cycle Shift-Dir - straight line, f/p - gnoll
Aim: a gnoll, wielding a +0 whip (severely wounded)
You freeze the gnoll.
You kill the gnoll!
Your Shields skill increases to level 1!
Aiming: Freeze (safe; 4% risk of failure)
Press: ? - help, Q - select action, (/) - cycle Shift-Dir - straight line, f - gnoll
Aim: a gnoll, wielding a +0 flail You freeze the gnoll.
The gnoll is moderately wounded.
The gnoll closely misses you.
The gnoll hits you from afar with a +0 spear of freezing.
You feel yourself slow down. The gnoll freezes you.
Aiming: Freeze (safe; 4% risk of failure)
Press: ? - help, Q - select action, (/) - cycle Shift-Dir - straight line, f/p - gnoll
Aim: a gnoll, wielding a +0 flail (moderately wounded)
You freeze the gnoll.
The gnoll is severely wounded.
The gnoll hits you with a +0 flail. The gnoll hits you but does no damage.
You block the gnoll's attack. The gnoll closely misses you.
You feel yourself speed up. The gnoll attacks as you move away!
The gnoll barely misses you. The gnoll attacks as you move away!
You block the gnoll's attack. The gnoll attacks as you move away!
The gnoll hits you with a +0 flail.
* * * LOW HITPOINT WARNING * * *
The gnoll barely misses you. The gnoll attacks as you move away!
The gnoll hits you with a +0 flail.
* * * LOW HITPOINT WARNING * * *
The gnoll attacks as you move away! The gnoll hits you but does no damage.
The gnoll attacks as you move away! The gnoll hits you with a +0 flail!
You die...

##[############
#...###
#.....).......#
#.#.#
##.##########.#
#.#.#
##.###.#.#
#...##.#.#
#.#.##.#.#
#...##.#<#
#g####.#.###
#.@........#
#..###.#.#.# ##
#..# #>#.#.# #.
#..#
#.#.#.#######.
#..#
#.#....†......
#..#
#.#...########
#######..#
#.....#
#........#
#.##..# ######
#.######.#
#.....###.....


You could see a gnoll.

Vanquished Creatures
  A gnoll (D:2)
  An adder (D:2)
  A worm (D:2)
  2 bats
  4 endoplasms
  A giant cockroach (D:2)
  3 goblins
  A hobgoblin (D:2)
  2 jackals (D:2)
  A kobold (D:2)
  3 quokkas
  4 ball pythons
  2 frilled lizards (D:2)
  2 rats
28 creatures vanquished.

Notes
Turn   | Place    | Note
-------+----------+-------------------------------------------
     0 | D:1      | ThatPearl the Draconian Ice Elementalist began the quest
                  | for the Orb.
     0 | D:1      | Reached XP level 1. HP: 14/14 MP: 3/3
   471 | D:1      | Found a faded altar of an unknown god.
   550 | D:1      | Reached XP level 2. HP: 22/22 MP: 3/5
   578 | D:1      | Reached skill level 1 in Fighting
  1466 | D:2      | Reached XP level 3. HP: 28/28 MP: 6/6
  1751 | D:2      | Reached skill level 1 in Shields
  1766 | D:2      | Mangled by a gnoll

Illustrated notes

Levels and vault maps discovered:
D:1:      roderic_chinese_lattice_arrival, layout_rooms,
          chequers_ecumenical_altar_island, chequers_serial_rivers_micro_c
D:2:      layout_loops_ring

Skill      XL: |  1  2  3 |
---------------+----------+-----
Fighting       | 1 |  1.7
Shields        | 1 |  1.1
Dodging        | |  1.7
Stealth        | |  1.7
Spellcasting   | |  2.5
Ice Magic      | |  4.4

Action                   || total
-------------------------++-------
Melee: Unarmed           ||     1
       Dagger            ||    20
       Short sword       ||     6
       Tailslap          ||     2
 Cast: Freeze            ||    42
 Stab: Sleeping          ||     3
Armor: Skin              ||    17
Dodge: Dodged            ||    28
Block: Buckler           ||     9
